 Dungeon Crawl Stone Soup version 0.29-a0-757-g358383bc75 (webtiles) character file.

Game seed: 3721662518693475394

13971 zeratav the Grappler (level 10, 0/106 HPs)
             Began as a Troll Fighter on July 1, 2022.
             Was an Elder of Ru.
             Slain by a troll (8 damage)
             ... on level 11 of the Dungeon.
             The game lasted 00:18:12 (9915 turns).

zeratav the Grappler (Troll Fighter)                Turns: 9915, Time: 00:18:13

Health: 0/106      AC: 12    Str: 30    XL:     10   Next: 82%
Magic:  9/9        EV:  9    Int:  4    God:    Ru [****..]
Gold:   726        SH:  9    Dex:  9    Spells: 9/9 levels left

rFire   x . .      SeeInvis .     - Unarmed
rCold   x . .      Faith    .   b - +0 kite shield
rNeg    . . .      Spirit   .   J - +0 steam dragon scales
rPois   .          Reflect  .   (helmet restricted)
rElec   .          Harm     .   h - +0 cloak
rCorr   +          Rampage  .   (gloves unavailable)
Will    .....                   (boots unavailable)
Stlth   ..........              (no amulet)
HPRegen 1.07/turn               k - +4 ring of protection
MPRegen 0.11/turn               K - ring of resist corrosion

@: no status effects
A: large, unfitting armour, claws 3, regeneration 1, shaggy fur 1, tough skin 1,
no stealth, inexperienced 1, temperature sensitive
a: Renounce Religion, Draw Out Power, Power Leap


You were on level 11 of the Dungeon.
You worshipped Ru.
Ru was greatly pleased with you.
You visited 1 branch of the dungeon, and saw 11 of its levels.

You collected 775 gold pieces.
You spent 49 gold pieces at shops.


Innate Abilities, Weirdness & Mutations

You are too large for most types of armour.
You have claws for hands.
Your natural rate of healing is unusually fast.
You are covered in fur. (AC +1)
You have tough skin. (AC +1)
You cannot be stealthy.
You are somewhat inexperienced. (-1 XL)
You are sensitive to extremes of temperature. (rF-, rC-)


   Skills:
 + Level 8.5 Fighting
 + Level 8.8 Throwing
 - Level 2.4 Dodging
 + Level 9.3 Shields
 + Level 10.2 Unarmed Combat


You had 9 spell levels left.
You didn't know any spells.
Your spell library contained the following spells:

 Spells                   Type           Power      Damage    Failure   Level
 Blink                    Tloc           0%         N/A       86%         2
 Conjure Flame            Conj/Fire      0%         6-21      97%         3
 Dazzling Flash           Conj/Hex       0%         N/A       97%         3
 Ignite Poison            Fire/Tmut/Pois 0%         N/A       97%         3
 Sticky Flame             Conj/Fire      0%         2d3       100%        4
 Agony                    Necr           0%         N/A       100%        5
 Manifold Assault         Tloc           0%         N/A       100%        5
 Silence                  Hex/Air        0%         N/A       100%        5
 Storm Form               Tmut/Air       0%         N/A       100%        7

Inventory:

Missiles
 i - 4 boomerangs (quivered) {throwing}
 C - 2 curare-tipped darts {=fthrowing}
Armour
 b - a +0 kite shield (worn)
 h - a +0 cloak (worn)
   (You bought it in a shop on level 2 of the Dungeon)
 J - +0 steam dragon scales (worn)
   (You found it on level 8 of the Dungeon)
Jewellery
 k - a +4 ring of protection (left claw)
   (You found it on level 2 of the Dungeon)
 n - a +6 ring of strength
   (You found it on level 3 of the Dungeon)
 t - a ring of ice
   (You found it on level 4 of the Dungeon)
 w - a ring of protection from cold
   (You found it on level 5 of the Dungeon)
 B - a ring of willpower
   (You found it on level 6 of the Dungeon)
 K - a ring of resist corrosion (right claw)
   (You found it on level 9 of the Dungeon)
Wands
 r - a wand of charming (8)
   (You took it off Ijyb on level 4 of the Dungeon)
 u - a wand of flame (33)
   (You found it on level 5 of the Dungeon)
 E - a wand of mindburst (12)
   (You took it off an orc wizard on level 7 of the Dungeon)
 L - a wand of polymorph (6)
   (You found it on level 9 of the Dungeon)
 O - a wand of digging (8)
   (You found it on level 9 of the Dungeon)
 Q - a wand of iceblast (7)
   (You found it on level 11 of the Dungeon)
Scrolls
 a - a scroll of noise {unknown}
 d - 2 scrolls of teleportation {@r4}
 e - a scroll of fear
 f - a scroll of torment {!r}
 j - 5 scrolls of amnesia
 m - 3 scrolls of immolation {!r!r}
 o - a scroll of enchant weapon
 p - 3 scrolls of poison {!r}
 s - a scroll of brand weapon
 v - 3 scrolls of vulnerability {!r!r}
 x - 5 scrolls of fog
 y - 3 scrolls of enchant armour
 D - a scroll of summoning
 G - a scroll of magic mapping {!r}
 P - 3 scrolls of identify {@r1}
Potions
 c - 3 potions of might
 g - 3 potions of attraction {!q}
 l - 2 potions of brilliance
 q - 3 potions of lignification {!q}
 z - 2 potions of resistance {unknown}
 A - a potion of degeneration {unknown}
 F - a potion of heal wounds {@q2}
 H - a potion of mutation {unknown}
 M - a potion of flight {unknown}
 N - 2 potions of haste {unknown}
 R - a potion of berserk rage {unknown}
Miscellaneous
 I - a box of beasts
   (You found it on level 8 of the Dungeon)

Dungeon Overview and Level Annotations

Branches:
Dungeon (11/15) Zot: 26054  Temple (0/1) D:7            Lair (0/6) D:10
    Orc (0/2) D:9

Altars:
Ashenzari
Hepliaklqana
Makhleb
Qazlal
Ru
Trog
Uskayaw
Vehumet
Wu Jian
Xom
Zin

Shops:
D:2 [

Annotations:
D:10 1 runed translucent door, crusatyr's ghost, journeyman GrEE

.).#.......# #....
'###.......#....#######
#....
...........#..........#
#####
...#########..........#
#.... ...#
.............# #....
...#
.............#.>...#....
...#
.............#.....#....
...#
.......Y.....#.....#....
...#
......T@.....#.....#....
...#
..######.....#.....#....
#### #.....#.....#....
...# +.....#.....#....
...# #.....#.....'....
...# #.....#.....#....
...#
######.....#.....#....
...#
#....#.....'.....#####
...#
#....#.....#.....#....


You could see a yak (corona) and a troll (blind).


Message History

The troll is stunned by your conviction and fails to attack.
The yak gores you but does no damage. The yak barely misses you.
HP[+1]
You mangle the yak!! The troll bites you. The troll claws you!
The troll claws you. The yak gores you!
You focus your inner power and illuminate the yak in retribution!
The acid dragon begins to attack, but is stunned by your conviction!
You block the yak's attack.
HP[-20]
You take 20 damage, and now have 71/106 hp.
You claw the yak! You block the troll's attack. The troll claws you!
The troll closely misses you.
The yak gores you but does no damage. x2
HP[-6]
You take 6 damage, and now have 65/106 hp.
You claw the yak!
You kill the yak!
The troll barely misses you. The troll claws you! The troll closely misses you.
You block the yak's attack.
The acid dragon begins to attack, but is stunned by your conviction!
HP[-8]
You take 8 damage, and now have 57/106 hp.
You completely miss the troll. The troll bites you.
* * * LOW HITPOINT WARNING * * *
You focus your inner power and blind the troll in retribution!
The troll barely misses you. The troll claws you but does no damage.
The yak gores you.
* * * LOW HITPOINT WARNING * * *
You are too injured to fight recklessly!
You are too injured to fight recklessly!
HP[-6]
You take 6 damage, and now have 51/106 hp.
You are too injured to fight recklessly!
You are too injured to fight recklessly!
You are too injured to fight recklessly!
You are too injured to fight recklessly!
You are too injured to fight recklessly!
You are too injured to fight recklessly!
You are too injured to fight recklessly!
You are too injured to fight recklessly!
You are too injured to fight recklessly!
You are too injured to fight recklessly!
You are too injured to fight recklessly!
You are too injured to fight recklessly!
You are too injured to fight recklessly!
You're wearing all the rings you can.
Remove which one? (? for menu, Esc to cancel) < or
k - a +4 ring of protection > or
B - a ring of willpower You remove your ring of willpower.
K - a ring of resist corrosion (right claw)
The troll is stunned by your conviction and fails to attack.
You block the yak's attack.
The acid dragon begins to attack, but is stunned by your conviction!
HP[+1]
You scratch the acid dragon but do no damage.
HP[+1]
You claw the acid dragon! The yak gores you.
* * * LOW HITPOINT WARNING * * *
You focus your inner power and illuminate the yak in retribution!
The acid dragon barely misses you. You block the acid dragon's attack.
HP[-1]
You take 1 damage, and now have 52/106 hp.
You claw the acid dragon!
The troll is no longer blind.
You block the yak's attack.
The acid dragon bites you but does no damage.
The acid dragon claws you but does no damage.
HP[+1]
You barely miss the acid dragon. The troll bites you.
* * * LOW HITPOINT WARNING * * *
You block the troll's attack. The troll barely misses you.
You block the yak's attack. The acid dragon bites you!
* * * LOW HITPOINT WARNING * * *
You block the acid dragon's attack.
HP[-15]
You take 15 damage, and now have 38/106 hp.
You claw the acid dragon!
You kill the acid dragon!
The troll bites you but does no damage. The troll claws you.
* * * LOW HITPOINT WARNING * * *
You focus your inner power and blind the troll in retribution!
The troll claws you.
* * * LOW HITPOINT WARNING * * *
The yak gores you.
* * * LOW HITPOINT WARNING * * *
HP[-14]
You take 14 damage, and now have 24/106 hp.
You closely miss the troll. You block the troll's attack.
The troll barely misses you. You block the troll's attack.
You block the yak's attack.
HP[+1]
You closely miss the troll. The troll bites you!
* * * LOW HITPOINT WARNING * * *
You block the troll's attack. The troll closely misses you.
The yak gores you but does no damage.
HP[-9]
You take 9 damage, and now have 16/106 hp.
You scratch the troll. The troll bites you!
* * * LOW HITPOINT WARNING * * *
The troll claws you but does no damage. The troll claws you!
You die...

Skill      XL: |  1  2  3  4  5  6  7  8  9 10 |
---------------+-------------------------------+-----
Unarmed Combat | 3 4 5 6 9 10 | 10.2
Throwing       | 1 2 3 6 7 8 |  8.8
Shields        | 3 4 7 8 9 |  9.3
Fighting       | 3 4 6 7 8 |  8.5
Dodging        | |  2.4

Action                   |  1- 3 |  4- 6 |  7- 9 | 10-12 || total
-------------------------+-------+-------+-------+-------++-------
Melee: Unarmed           |   147 |   116 |   430 |   356 ||  1049
Throw: Boomerang         |       |       |    31 |       ||    31
Invok: Sacrifice Experie |       |       |     1 |       ||     1
       Sacrifice Stealth |       |       |       |     1 ||     1
       Sacrifice Resista |       |       |       |     1 ||     1
Evoke: Wand              |       |       |     5 |       ||     5
  Use: Scroll            |       |     6 |     7 |     2 ||    15
       Potion            |       |       |     1 |     2 ||     3
 Stab: Distracted        |       |       |     1 |       ||     1
Armor: Robe              |    55 |    69 |   162 |       ||   286
       Steam dragon scal |       |       |     8 |   129 ||   137
Dodge: Dodged            |    70 |    45 |   131 |   139 ||   385
Block: Kite shield       |    55 |    48 |   153 |   179 ||   435

Levels and vault maps discovered:
D:1:      spicycebolla_arrival_clurvy, layout_rooms,
          shapermc_ecumenical_altar_mp_ritualfount
D:2:      layout_basic, serial_shops, shop, basic_altar
D:3:      layout_rooms, general_overflow_altar, minmay_close_crescents
D:4:      layout_rooms, mainiacjoe_overflow_alcove_2, uniq_ijyb
D:5:      layout_basic, ashenzari_altar_1, gammafunk_temple_overflow_statue,
          vehumet_altar_wand_db, uniq_grinder, uniq_eustachio
D:6:      layout_basic, chequers_serial_rivers_small_b, uniq_crazy_yiuf_cottage
D:7:      layout_basic, mainiacjoe_overflow_six_doors_small, demons_altar,
          minmay_temple_entry_gardened_gates, minivault_4,
          grunt_decor_resistance, uniq_duvessa, uniq_joseph
D:8:      layout_basic, mainiacjoe_overflow_concentric_impassable,
          kennysheep_another_room, minmay_pinched_square
D:9:      layout_loops_ring, zombieorc2_lemuel
D:10:     layout_irregular_city, nicolae_hepliaklqana_ecumenical_no_more,
          mainiacjoe_overflow_chevrons, lair_entry_dummy,
          ebering_ghost_funeral_grove, uniq_nergalle
D:11:     layout_grid_maze

Notes
Turn   | Place    | Note
-------+----------+-------------------------------------------
     0 | D:1      | zeratav the Troll Fighter began the quest for the Orb.
     0 | D:1      | Reached XP level 1. HP: 22/22 MP: 0/0
     0 | D:1      | magus.rc [v1.9.6]
    59 | D:1      | Reached XP level 2. HP: 21/29 MP: 1/1
   143 | D:1      | Reached skill level 3 in Unarmed Combat
   332 | D:1      | Found a faded altar of an unknown god.
   360 | D:1      | Reached XP level 3. HP: 36/36 MP: 2/2
   600 | D:2      | Found Plog's Armour Shoppe.
   614 | D:2      | Bought a +0 cloak for 49 gold pieces
   678 | D:2      | Found a shimmering altar of Xom.
   917 | D:2      | Reached skill level 1 in Throwing
  1148 | D:3      | Reached skill level 3 in Shields
  1196 | D:3      | Reached XP level 4. HP: 44/44 MP: 3/3
  1303 | D:3      | Found a glowing silver altar of Zin.
  1406 | D:3      | HP: 11/44 [orc/+0 falchion (7)]
  1409 | D:3      | HP: 5/44 [something (4)]
  1473 | D:3      | Reached skill level 3 in Fighting
  1473 | D:3      | Reached XP level 5. HP: 32/53 MP: 4/4
  1668 | D:3      | Noticed an ogre
  1673 | D:3      | Killed an ogre
  1674 | D:3      | Reached skill level 2 in Throwing
  1674 | D:3      | Reached skill level 4 in Unarmed Combat
  1801 | D:4      | Reached XP level 6. HP: 60/61 MP: 5/5
  1870 | D:4      | Noticed Ijyb
  1880 | D:4      | Killed Ijyb
  1941 | D:4      | Reached skill level 4 in Shields
  2033 | D:4      | Found a stormy altar of Qazlal.
  2092 | D:4      | Reached skill level 3 in Throwing
  2092 | D:4      | Reached XP level 7. HP: 66/68 MP: 6/6
  2226 | D:4      | You pick up a book of the Senses and begin reading...
  2226 | D:4      | You add the spells Dazzling Flash, Agony and Silence to
                  | your library.
  2352 | D:5      | Entered Level 5 of the Dungeon
  2397 | D:5      | Noticed Grinder
  2398 | D:5      | Paralysed by Grinder for 4 turns
  2409 | D:5      | Killed Grinder
  2410 | D:5      | Reached skill level 4 in Fighting
  2479 | D:5      | Reached skill level 5 in Unarmed Combat
  2725 | D:5      | Found a radiant altar of Vehumet.
  2810 | D:5      | Noticed Eustachio
  2824 | D:5      | Killed Eustachio
  2825 | D:5      | Reached XP level 8. HP: 76/79 MP: 7/7
  2880 | D:5      | Reached skill level 4 in Throwing
  2880 | D:5      | Reached skill level 5 in Shields
  3092 | D:5      | Found a sacrificial altar of Ru.
  3093 | D:5      | Found an ornate altar of the Wu Jian Council.
  3097 | D:5      | Became a worshipper of Ru the Awakened
  3109 | D:5      | Found a broken altar of Ashenzari.
  3558 | D:6      | You add the spells Conjure Flame, Ignite Poison and Sticky
                  | Flame to your library.
  3620 | D:6      | Reached skill level 5 in Fighting
  3620 | D:6      | Reached skill level 6 in Unarmed Combat
  4202 | D:6      | Found a runed translucent door.
  4203 | D:6      | Noticed Crazy Yiuf
  4208 | D:6      | Killed Crazy Yiuf
  4285 | D:7      | Noticed Joseph
  4419 | D:7      | Killed Joseph
  4420 | D:7      | Reached skill level 5 in Throwing
  4420 | D:7      | Reached skill level 6 in Shields
  4420 | D:7      | Reached XP level 9. HP: 43/88 MP: 8/8
  4675 | D:7      | Found a staircase to the Ecumenical Temple.
  4833 | D:7      | Reached skill level 7 in Unarmed Combat
  4864 | D:7      | Gained mutation: You are somewhat inexperienced. (-1 XL)
                  | [Ru sacrifice]
  4864 | D:7      | Reached XP level 8. HP: 83/83 MP: 7/7
  4864 | D:7      | Reached * piety under Ru
  5165 | D:7      | Found a bloodstained altar of Trog.
  5356 | D:7      | Noticed Duvessa
  5357 | D:7      | Noticed Dowan
  5366 | D:7      | Killed Duvessa
  5367 | D:7      | Reached skill level 6 in Fighting
  5368 | D:7      | Killed Dowan
  5382 | D:7      | Found a burning altar of Makhleb.
  5621 | D:8      | Reached skill level 6 in Throwing
  5906 | D:8      | Noticed a two-headed ogre
  5908 | D:8      | Noticed a centaur warrior
  5909 | D:8      | Noticed a boulder beetle
  5914 | D:8      | Reached skill level 7 in Shields
  5962 | D:7      | HP: 21/84 [centaur warrior (7)]
  5967 | D:7      | Killed a centaur warrior
  5968 | D:7      | Reached XP level 9. HP: 23/92 MP: 8/8
  6141 | D:8      | Noticed a skeletal warrior
  6209 | D:8      | Killed a skeletal warrior
  6210 | D:8      | Reached skill level 8 in Unarmed Combat
  6533 | D:8      | Killed a boulder beetle
  6534 | D:8      | Reached skill level 7 in Fighting
  6534 | D:8      | Reached skill level 7 in Throwing
  6823 | D:8      | You add the spells Blink, Manifold Assault and Storm Form
                  | to your library.
  6868 | D:8      | Found a hide-covered altar of Uskayaw.
  6893 | D:8      | Killed a two-headed ogre
  6897 | D:8      | Reached skill level 8 in Shields
  7066 | D:9      | Reached skill level 9 in Unarmed Combat
  7124 | D:9      | Reached XP level 10. HP: 55/102 MP: 9/9
  7326 | D:9      | Gained mutation: You cannot be stealthy. [Ru sacrifice]
  7326 | D:9      | Reached ** piety under Ru
  7367 | D:9      | Found a staircase to the Orcish Mines.
  7572 | D:9      | Reached skill level 8 in Throwing
  7582 | D:9      | HP: 24/104 [killer bee (4)]
  7587 | D:9      | HP: 9/104 [poisoned by a killer bee]
  7592 | D:9      | HP: 6/104 [poisoned by a killer bee]
  7754 | D:9      | Reached skill level 8 in Fighting
  8088 | D:10     | Entered Level 10 of the Dungeon
  8096 | D:10     | Found a shimmering altar of Xom.
  8211 | D:10     | Found a staircase to the Lair.
  8253 | D:10     | Found a runed translucent door.
  8470 | D:10     | Found a faded altar of an unknown god.
  8470 | D:10     | Found a faded altar of an unknown god.
  8470 | D:10     | Found a faded altar of an unknown god.
  8472 | D:10     | Found a hazy altar of Hepliaklqana.
  8619 | D:10     | Noticed crusatyr's ghost (journeyman GrEE)
  8619 | D:10     | Identified the +8 spear of Evolution {flame, rElec}
  8620 | D:10     | Noticed a spriggan rider
  8719 | D:10     | Noticed Nergalle
  8743 | D:10     | Killed Nergalle
  8744 | D:10     | Reached skill level 9 in Shields
  9079 | D:10     | Reached skill level 10 in Unarmed Combat
  9236 | D:11     | Gained mutation: You are sensitive to extremes of
                  | temperature. (rF-, rC-) [Ru sacrifice]
  9236 | D:11     | Reached *** piety under Ru
  9236 | D:11     | Reached **** piety under Ru
  9912 | D:11     | HP: 24/106 [yak (6)]
  9915 | D:11     | HP: 8/106 [troll (9)]
  9915 | D:11     | Slain by a troll

Vanquished Creatures
  A centaur warrior (D:7)
  A boulder beetle (D:8)
  A two-headed ogre (D:8)
  Nergalle (D:10)
  A skeletal warrior (D:8)
  Joseph (D:7)
  A troll (D:11)
  Grinder (D:5)
  A hornet (D:9)
  A vampire (D:11)
  A wyvern (D:10)
  25 yaks
  A shadow (D:9)
  Eustachio (D:5)
  2 steam dragons (D:8)
  A vampire mosquito (D:8)
  2 acid dragons
  A two-headed ogre zombie (D:9)
  A water moccasin (D:6)
  Duvessa (D:7)
  A black bear (D:7)
  4 orc warriors
  3 sky beasts
  2 ice beasts
  2 ogres
  2 centaurs
  3 phantoms
  6 kobold brigands
  3 gnoll sergeants
  A necrophage (D:5)
  2 bullfrogs
  A scorpion (D:4)
  9 wights
  2 troll zombies (D:9)
  Dowan (D:7)
  18 killer bees
  An electric eel (D:7)
  A jelly (D:5)
  7 hounds
  7 orc priests
  Crazy Yiuf (D:6)
  3 iron imps (D:7)
  Ijyb (D:4)
  4 iguanas
  18 orc wizards
  5 ogre zombies (D:9)
  11 gnolls
  7 adders
  2 shadow imps (D:7)
  A worm (D:3)
  3 dart slugs
  34 orcs
  6 endoplasms
  3 giant cockroaches
  10 goblins
  7 hobgoblins
  3 jackals (D:1)
  A quokka (D:1)
  14 ball pythons
  4 bats
  4 frilled lizards
  A goblin zombie (D:9)
  2 hobgoblin skeletons (D:9)
  A hobgoblin zombie (D:9)
  20 kobolds
  2 orc skeletons (D:9)
  19 orc zombies (D:9)
  7 rats
316 creatures vanquished.

Vanquished Creatures (others)
  4 fungi (D:10)
  6 plants
10 creatures vanquished.

Grand Total: 326 creatures vanquished

Table legend:
 A = Non-vault XP
 B = Vault XP
 C = Vault XP percentage of total XP
 D = Non-vault monster count
 E = Vault monster count
 F = Vault count percentage of total count
                 A         B        C        D         E       F
            +---------+---------+-------+---------+---------+-------
      Total |   12706 |    7253 |  36.3 |     251 |      65 |  20.6
            +---------+---------+-------+---------+---------+-------
        D:1 |      49 |       0 |   0.0 |      29 |       0 |   0.0
        D:2 |      40 |       0 |   0.0 |      21 |       0 |   0.0
        D:3 |     147 |     123 |  45.6 |      21 |       2 |   8.7
        D:4 |     358 |      38 |   9.6 |      13 |       1 |   7.1
        D:5 |     698 |     470 |  40.2 |      28 |       3 |   9.7
        D:6 |     515 |      39 |   7.0 |      10 |       1 |   9.1
        D:7 |    1056 |    1335 |  55.8 |      25 |       7 |  21.9
        D:8 |    1580 |    3606 |  69.5 |      28 |      14 |  33.3
        D:9 |    4341 |     865 |  16.6 |      40 |      36 |  47.4
       D:10 |    2297 |     777 |  25.3 |      25 |       1 |   3.8
       D:11 |    1625 |       0 |   0.0 |      11 |       0 |   0.0
            +---------+---------+-------+---------+---------+-------

Illustrated notes

Table legend:
 A = Kills in this place as a percentage of kills in entire the game.
 B = Kills by you in this place as a percentage of kills by you in the entire game.
 C = Kills by friends in this place as a percentage of kills by friends in the entire game.
 D = Other kills in this place as a percentage of other kills in the entire game.
 E = Experience gained in this place as a percentage of experience gained in the entire game.
 F = Experience gained in this place divided by the number of levels of this place that you have seen.
                   A       B       C       D       E      F
               +-------+-------+-------+-------+-------+----------------------
         Total | 100.0 | 100.0 |   N/A |   N/A | 100.0 | 1814.5
       Dungeon | 100.0 | 100.0 |   N/A |   N/A | 100.0 | 1814.5
               +-------+-------+-------+-------+-------+----------------------

Table legend: (Time is in decaauts)
 A = Elapsed time spent in this place.
 B = Non-inter-level travel time spent in this place.
 C = Inter-level travel time spent in this place.
 D = Time resting spent in this place.
 E = Time spent auto-exploring this place.
 F = Levels seen in this place.
 G = Mean time per level.
                   A        B        C        D        E       F      G
               +--------+--------+--------+--------+--------+-----+--------+
         Total |   9913 |   9458 |    455 |    382 |   6914 |  11 |  901.2 |
       Dungeon |   9913 |   9458 |    455 |    382 |   6914 |  11 |  901.2 |
               +--------+--------+--------+--------+--------+-----+--------+

Top non-repeatable levels by time:
     D:8: 1475 daAuts
     D:7: 1244 daAuts
     D:5: 1047 daAuts
     D:9: 1013 daAuts
    D:10: 979 daAuts
     D:6: 944 daAuts
    D:11: 835 daAuts
     D:3: 628 daAuts
     D:2: 604 daAuts
     D:1: 582 daAuts
     D:4: 560 daAuts
